 Dungeon Crawl Stone Soup version 0.21-a0-39-g28ea6b7 (webtiles) character file.

1116053 roguesci the Imperceptible (level 27, -4/131 HPs)
             Began as a Vine Stalker Transmuter on Apr 18, 2017.
             Was the Champion of Ashenzari.
             Slain by an eldritch tentacle (5 damage)
             ... called by the power of Zot
             ... on level 2 of the Realm of Zot on June 2, 2017.
             The game lasted 14:58:05 (116744 turns).

roguesci the Imperceptible (VSTm)                 Turns: 116744, Time: 14:58:05

Health: -4/131     AC: 40    Str: 24    XL:     27
Magic:  0/61       EV:  2    Int: 30    God:    Ashenzari [******]
Gold:   12255      SH:  0    Dex: 33    Spells: 14/72 levels left

rFire    + + .     SeeInvis +   i - +9 rapier "Semownom" {pierce, rF+ Int-4 Dex+4} (curse)
rCold    + + .     Gourm    .   E - +3 buckler of the Special Cities {rC+} (curse)
rNeg     + + +     Faith    .   d - +7 pearl dragon scales (curse)
rPois    ∞         Spirit   +   v - +3 hat of Pondering {ponderous, MR+ MP+10 Int+5} (curse)
rElec    .         Reflect  +   x - +0 cloak of the Endless Expanse {rPois rF+ Dex+4 Stlth+} (curse)
rCorr    .         Harm     .   D - +2 pair of gloves {Dex+3} (curse)
MR       +++++     Clarity  +   o - +0 pair of boots of Boredom {rN+ Int+4 Stlth-} (curse)
Stlth    +++++++++.             F - +4 amulet of reflection (curse)
Regen    1.2/turn               L - ring "Jicwapt" {+Blink rN+ Str+3 Int+4} (curse)
MPRegen  0.4/turn               Y - ring of Veomygep {Str+2 Int+4 Dex+4 Stlth+} (curse)

@: lethally poisoned (-4 -> -4), lich-form, petrified, very slightly
contaminated, slowed, studying Unarmed Combat, slow
A: fangs 3, large bone plates 1, blurry vision 2, deterioration 1, frail 2,
magic resistance 1, sense surroundings 1, regeneration 2, magic shield,
antimagic bite, no potion heal 3, rot immunity, MP-powered wands
}: 8/15 runes: decaying, slimy, silver, golden, iron, obsidian, abyssal,
gossamer
a: End Transformation, Curse Item, Scrying, Transfer Knowledge, Renounce
Religion, Evoke Blink


You were on level 2 of the Realm of Zot.
You worshipped Ashenzari.
Ashenzari was exalted by your worship.
You were not hungry.
You were a lich.
You visited 17 branches of the dungeon, and saw 80 of its levels.
You visited the Abyss 2 times.
You also visited: Trove, Wizlab and Desolation.

You collected 16147 gold pieces.
You spent 3892 gold pieces at shops.

Inventory:

Hand Weapons
 i - the cursed +9 rapier "Semownom" (weapon) {pierce, rF+ Int-4 Dex+4}
   (You found it on level 5 of the Dungeon)

   It inflicts extra damage upon your enemies.
   It affects your intelligence (-4).
   It affects your dexterity (+4).
   It protects you from fire.
   It has a curse placed upon it.
 t - a +10 quick blade of chaos
 R - the +8 short sword of Mastery {distort, *Contam rElec Dex+5 Stlth+}
   (You found it in a treasure trove)

   It warps and distorts space around it.
   Unwielding it can cause banishment or high damage.
   It affects your dexterity (+5).
   It insulates you from electricity.
   It causes magical contamination when unequipped.
   It makes you more stealthy.
Missiles
 c - 8 throwing nets
 h - 1835 stones (quivered)
Armour
 d - cursed +7 pearl dragon scales (worn)
 o - the cursed +0 pair of boots of Boredom (worn) {rN+ Int+4 Stlth-}
   (You found it on level 5 of the Lair of Beasts)

   It affects your intelligence (+4).
   It protects you from negative energy.
   It makes you less stealthy.
   It has a curse placed upon it.
 v - the cursed +3 hat of Pondering (worn) {ponderous, MR+ MP+10 Int+5}
   (You found it on level 3 of the Tomb of the Ancients)

   It affects your intelligence (+5).
   It affects your resistance to hostile enchantments.
   It affects your magic capacity (+10).
   It has a curse placed upon it.
 x - the cursed +0 cloak of the Endless Expanse (worn) {rPois rF+ Dex+4 Stlth+}
   (You found it on level 3 of the Tomb of the Ancients)

   It affects your dexterity (+4).
   It protects you from fire.
   It protects you from poison.
   It makes you more stealthy.
   It has a curse placed upon it.
 D - a cursed +2 pair of gloves of dexterity (worn)
 E - the cursed +3 buckler of the Special Cities (worn) {rC+}
   (You found it in the Desolation of Salt)

   It protects you from cold.
   It has a curse placed upon it.
Jewellery
 n - an uncursed ring of resist corrosion
 q - the ring "Dyik" {rF+ Int+4 SInv}
   (You found it on level 7 of the Iron City of Dis)

   [ring of protection from fire]

   It affects your intelligence (+4).
   It protects you from fire.
   It lets you see invisible.
 y - an uncursed ring of wizardry
 F - a cursed +4 amulet of reflection (around neck)
 L - the cursed ring "Jicwapt" (left hand) {+Blink rN+ Str+3 Int+4}
   (You took it off an ironbrand convoker on level 5 of the Vaults)

   [ring of positive energy]

   It affects your strength (+3).
   It affects your intelligence (+4).
   It protects you from negative energy.
   It lets you blink.
   It has a curse placed upon it.
 Q - the ring of the Lotus Blossom {rF+ Str+4 Int+5 Dex-2 Stlth+}
   (You took it off a yaktaur on level 5 of the Vaults)

   [ring of stealth]

   It affects your strength (+4).
   It affects your intelligence (+5).
   It affects your dexterity (-2).
   It protects you from fire.
   It makes you more stealthy.
 Y - the cursed ring of Veomygep (right hand) {Str+2 Int+4 Dex+4 Stlth+}
   (You found it on level 6 of the Lair of Beasts)

   [ring of dexterity]

   It affects your strength (+2).
   It affects your intelligence (+4).
   It affects your dexterity (+4).
   It makes you more stealthy.
   It has a curse placed upon it.
Wands
 f - a wand of random effects (30/48)
 m - a wand of digging (24/24)
Scrolls
 b - 7 scrolls of teleportation
 k - 6 scrolls of amnesia
 r - 5 scrolls of blinking
 s - 21 scrolls of identify
 u - 7 scrolls of enchant weapon
 w - 7 scrolls of magic mapping
 B - 5 scrolls of fog
 I - a scroll of recharging
 K - 5 scrolls of fear
 S - 2 scrolls of remove curse
 V - 2 scrolls of silence
Potions
 e - a potion of cancellation
 j - 2 potions of brilliance
 p - a potion of might
 z - 2 potions of haste
 A - 21 potions of curing
 H - 9 potions of flight
Books
 a - a book of the Tempests

   Spells                             Type                      Level
   a - Static Discharge               Conjuration/Air              3
   b - Lightning Bolt                 Conjuration/Air              5
   c - Ignition                       Fire                         8
   d - Tornado                        Air                          9
   e - Shatter                        Earth                        9
 g - a book of Dreams

   Spells                             Type                      Level
   a - Ensorcelled Hibernation        Hexes/Ice                    2
   b - Silence                        Hexes/Air                    5
   c - Darkness                       Hexes                        6
   d - Shadow Creatures               Summoning                    6
 G - a manual of Unarmed Combat
 J - a book of the Warp

   Spells                             Type                      Level
   a - Gell's Gravitas                Translocation                3
   b - Portal Projectile              Hexes/Translocation          3
   c - Force Lance                    Conjuration/Translocation    4
   d - Dispersal                      Translocation                6
   e - Controlled Blink               Translocation                8
   f - Disjunction                    Translocation                8
 M - a book of Geomancy

   Spells                             Type                      Level
   a - Sandblast                      Earth                        1
   b - Passwall                       Transmutation/Earth          2
   c - Stone Arrow                    Conjuration/Earth            3
   d - Petrify                        Transmutation/Earth          4
   e - Lee's Rapid Deconstruction     Earth                        5
 T - the Grimoire of Air
   (You found it on level 3 of the Elven Halls)

   Spells                             Type                      Level
   a - Shock                          Conjuration/Air              1
   b - Poisonous Vapours              Poison/Air                   2
   c - Mephitic Cloud                 Conjuration/Poison/Air       3
   d - Silence                        Hexes/Air                    5
   e - Tornado                        Air                          9
 W - a book of Death

   Spells                             Type                      Level
   a - Corpse Rot                     Necromancy                   2
   b - Sublimation of Blood           Necromancy                   2
   c - Agony                          Necromancy                   5
   d - Dispel Undead                  Necromancy                   5
   e - Excruciating Wounds            Charms/Necromancy            5
   f - Bolt of Draining               Conjuration/Necromancy       5
 X - a Necronomicon

   Spells                             Type                      Level
   a - Haunt                          Necromancy/Summoning         7
   b - Borgnjor's Revivification      Necromancy                   8
   c - Death's Door                   Charms/Necromancy            8
   d - Infestation                    Necromancy                   8
   e - Necromutation                  Transmutation/Necromancy     8
Comestibles
 l - 8 bread rations
 C - 7 meat rations


   Skills:
 + Level 23.0 Fighting
 + Level 20.0(23.5) Short Blades
 + Level 12.2(16.3) Armour
 + Level 21.8(25.2) Dodging
 + Level 26.7 Stealth
 - Level 6.4(9.5) Shields
 - Level 7.6 Unarmed Combat
 + Level 23.1 Spellcasting
 - Level 8.8(13.2) Conjurations
 - Level 17.4(21.1) Charms
 + Level 20.0(23.5) Necromancy
 - Level 17.6(21.3) Translocations
 + Level 19.4(22.9) Transmutations
 * Level 17.3(21.1) Air Magic
 - Level 5.6(10.1) Earth Magic
   Level 1.2(3.9) Poison Magic


You had 14 spell levels left.
You knew the following spells:

 Your Spells              Type           Power        Failure   Level  Hunger
a - Apportation           Tloc           ######       0%          1    N/A
b - Borgnjor's Revivific  Necr           ########..   1%          8    N/A
c - Iron Shot             Conj/Erth      #######...   2%          6    N/A
d - Necromutation         Tmut/Necr      ########..   1%          8    N/A
e - Passwall              Tmut/Erth      #######...   0%          2    N/A
f - Irradiate             Conj/Tmut      #######...   1%          5    N/A
g - Dispel Undead         Necr           ########     0%          5    N/A
i - Deflect Missiles      Chrm/Air       ########..   1%          6    N/A
j - Statue Form           Tmut/Erth      #######..    1%          6    N/A
l - Regeneration          Chrm/Necr      ########..   0%          3    N/A
m - Controlled Blink      Tloc           N/A          2%          8    N/A

Dungeon Overview and Level Annotations

Branches:
Dungeon (15/15)            Temple (1/1) D:7            Lair (6/6) D:11
  Swamp (4/4) Lair:3       Spider (4/4) Lair:2        Slime (5/5) Lair:6
    Orc (2/2) D:10            Elf (3/3) Orc:2        Vaults (5/5) D:13
  Crypt (3/3) Vaults:2       Tomb (3/3) Crypt:3      Depths (5/5) D:15
   Hell (1/1)                 Dis (7/7) Hell            Geh (7/7) Hell
    Coc (0/7) Hell            Tar (7/7) Hell            Zot (2/5) Depths:5

Altars:
Ashenzari
Cheibriados
Dithmenos
Elyvilon
Fedhas
Gozag
Hepliaklqana
Kikubaaqudgha
Makhleb
Nemelex Xobeh
Okawaru
Qazlal
Ru
Sif Muna
Trog
Uskayaw
Vehumet
Wu Jian
Xom
Yredelemnul
Zin
The Shining One
Jiyva

Shops:
D:4 [   D:6 [?(   D:10 [   D:12 *   Orc:2 ?*=[   Elf:1 %(=   Elf:3 ?
Vaults:5 %   Depths:4 *

Portals:
Hell: Depths:1 Depths:2 Depths:3 Depths:4 Depths:5
Abyss: Depths:4 Depths:5
Pandemonium: Depths:3
Ziggurat: Depths:2

Annotations:
D:5 Monsterracer's ghost, novice MiBe
Tar:7 Ereshkigal
Zot:2 1 transporter


Innate Abilities, Weirdness & Mutations

You have razor-sharp teeth.
You heal very quickly.
When hurt, damage is shared between your health and your magic reserves.
Your bite disrupts and absorbs the magic of your enemies.
Potions cannot restore your health.
You are immune to rotting.
You are partially covered in large bone plates. (SH +4)
Scrolls take you longer to read.
Your body sometimes deteriorates upon taking damage.
You are very frail. (-20% HP)
You are resistant to hostile enchantments. (MR+)
You passively map a small area around you.
You expend magic power (3 MP) to strengthen your wands.


Message History

* * * LOW HITPOINT WARNING * * *
The quicksilver dragon bites you!
* * * LOW HITPOINT WARNING * * *
The quicksilver dragon claws you but does no damage.
The death cob hits you!!
* * * LOW HITPOINT WARNING * * *
The death cob drains your vigour!
You feel as though you will be slow longer.
The quicksilver dragon bites you!
* * * LOW HITPOINT WARNING * * *
The quicksilver dragon claws you but does no damage.
The quicksilver dragon bites you but does no damage.
The quicksilver dragon claws you but does no damage.
The death cob hits you but does no damage.
The quicksilver dragon bites you but does no damage.
The quicksilver dragon claws you!
* * * LOW HITPOINT WARNING * * *
The eldritch tentacle slaps you but does no damage.
The eldritch tentacle claws you!
You die...

####..##*## ####....).......#
#....####^##^* ###[.[)......#
#.######....,,#########.....#
#.#####^.#.###..#######.....#
#####.##.^^.^#.^..?^.#:^=##.^....
.†..#.##.^.#^..#..^..#^}.##..###.
###...##^..#.#.^y..^^+)^$##..###.
#..©##..^..^^#Dz^^^#^%©##......
##..##^..#.#^)LD*^^+:^$##..###.
##.##^..#^..#.w^^.#.!.##.## *∆
#.##..^..#^^..^^.#=^$##.# ,
#.#####^.#.###..#######.# #.#*
*##.^..,,### * #.# * #..,,
*##.##^ * *, , ..# * ### ,,*
###*##* , , * ### **, * * ,,* *
∆,,, , ,, *


You could see an eldritch tentacle, a death cob, 2 quicksilver dragons and a
moth of wrath.

Vanquished Creatures
  Asmodeus (Geh:7)
  the Royal Jelly (Slime:5)
  the Serpent of Hell (Dis:7)
  Dispater (Dis:7)
  Mennas (Vaults:4)
  3 ancient liches
  Sojobo (Crypt:1)
  35 greater mummies
  Frederick (Crypt:1)
  Saint Roka (Vaults:3)
  Margery (Vaults:3)
  Geryon (Hell)
  A profane servitor (Depths:1)
  3 golden dragons
  the Enchantress (Depths:3)
  27 bone dragons
  69 Tzitzimimeh
  Nikola (Swamp:2)
  43 Brimstone Fiends
  9 iron giants
  Jorgrun (Swamp:2)
  22 doom hounds
  3 Ice Fiends (Dis:7)
  7 Hell Sentinels
  6 tentacled monstrosities
  9 quicksilver dragons
  A deep elf master archer (Elf:3)
  2 deep elf blademasters (Elf:3)
  10 liches
  5 titans
  40 acid blobs
  8 eldritch tentacles
  7 sphinxes
  7 Executioners
  Gastronok (Lair:2)
  19 ancient champions
  7 tengu reavers
  2 thorn hunters (Swamp:3)
  5 death cobs
  6 storm dragons
  Donald (Crypt:2)
  3 revenants
  17 shadow dragons
  Kirke (Lair:5)
  20 fire giants
  13 deep elf sorcerers
  12 frost giants
  2 draconian knights
  2 draconian scorchers
  23 azure jellies
  3 imperial myrmidons (Desolation)
  25 balrugs
  8 iron dragons
  9 vault wardens
  3 ghost moths
  5 emperor scorpions
  2 cacodemons
  2 ghouls (Crypt:1)
  3 draconian shifters
  An orc warlord (Orc:1)
  A draconian stormcaller (Depths:5)
  2 draconian annihilators
  2 curse skulls (Crypt:3)
  10 deep elf elementalists
  3 spriggan defenders (Depths:3)
  Aizul (Vaults:1)
  A caustic shrike zombie (Hell)
  30 stone giants
  13 ironheart preservers
  31 very ugly things
  10 bennus
  3 green draconians (Zot:2)
  101 reapers
  30 war gargoyles
  7 vampire knights
  6 entropy weavers
  The ghost of nht the Brawler, a journeyman DrTm of Nemelex Xobeh (Lair:6)
  6 deep elf demonologists
  5 yellow draconians
  7 deep elf annihilators
  6 red draconians
  6 white draconians
  5 black draconians
  9 spark wasps
  2 halazid warlocks (Desolation)
  5 lorocyprocas
  4 purple draconians
  2 pearl dragon zombies (Depths:1)
  7 ettins
  11 quicksilver dragon zombies
  10 blizzard demons
  9 deep elf death magi
  An ettin (shapeshifter) (Vaults:2)
  A merfolk javelineer (Depths:1)
  33 mummy priests
  2 merfolk impalers
  4 green deaths
  11 eidola
  8 fire dragons
  5 ragged hierophants (Desolation)
  9 death oozes
  16 yaktaur captains
  A crystal guardian (Desolation)
  13 jiangshi
  5 deep elf high priests
  11 servants of whispers (Desolation)
  2 spectral krakens (Tar:7)
  22 great orbs of eyes
  3 hell beasts
  7 peacekeepers
  6 rakshasas
  32 vault guards
  7 quicksilver dragon skeletons
  12 ice dragons
  Fannar (Orc:1)
  16 hydras
  3 catoblepae (Lair:6)
  6 ghost crabs
  2 spriggan air magi (Depths:3)
  6 death knights
  13 deep troll earth magi
  11 alligators
  11 ogre magi
  46 hell hogs
  8 centaur warriors
  60 death scarabs
  6 deep troll shamans
  3 tengu warriors
  12 death yaks (Lair:6)
  8 vampire magi
  16 titan zombies
  33 two-headed ogres
  38 dancing weapons
  4 spriggan berserkers
  2 thrashing horrors
  27 soul eaters
  19 iron golems
  112 hell knights
  Nergalle (D:11)
  27 deep elf knights
  40 sun demons
  11 storm dragon zombies
  A sixfirhy (Abyss:3)
  7 titan skeletons
  2 shadow wraiths
  11 iron trolls
  196 skeletal warriors
  4 storm dragon skeletons
  A deep troll (shapeshifter) (Vaults:5)
  A wretched star (Abyss:3)
  4 ghost moth zombies
  A gelid demonspawn (Depths:3)
  The ghost of nht the Grappler, a novice DrTm of Wu Jian (D:7)
  A death drake (shapeshifter) (Elf:3)
  12 swamp dragons
  An unseen horror (shapeshifter) (Vaults:3)
  11 wizards
  10 golden dragon zombies
  9 large abominations
  A kraken simulacrum (Hell)
  7 glowing orange brains
  20 flayed ghosts
  2 shambling mangroves (Swamp:3)
  9 anaconda zombies
  2 unseen horrors
  44 deep trolls
  A harpy (shapeshifter) (Depths:2)
  An obsidian statue (WizLab)
  The ghost of Malvoorn the Carver, a novice DsAK of Lugonu (D:6)
  3 tengu zombies
  16 deep elf archers
  3 sphinx zombies
  5 spectral wolf spiders (Spider:4)
  22 ironbrand convokers
  A lindwurm (Lair:4)
  38 shadow demons
  6 golden dragon skeletons
  9 orc knights
  13 shadow dragon zombies
  45 necromancers
  14 wolf spider zombies
  11 anaconda skeletons
  8 harpies
  33 phantasmal warriors
  66 deep elf magi
  12 shining eyes
  21 orb spiders
  6 iron dragon zombies
  11 stone giant zombies
  67 ugly things
  12 shadow dragon skeletons
  14 fire giant zombies
  7 cyclopes
  11 frost giant zombies
  2 orc sorcerers
  32 wolf spiders
  6 iron dragon skeletons
  4 manticores
  14 stone giant skeletons
  23 vault sentinels
  A wolf spider (shapeshifter) (Depths:2)
  4 apis skeletons (Depths:1)
  34 elephants
  10 moths of wrath
  4 shock serpent zombies
  8 fire giant skeletons
  9 frost giant skeletons
  68 rust devils
  3 centaur zombies
  A guardian serpent (shapeshifter) (Vaults:5)
  4 black mambas
  4 guardian serpents (Desolation)
  An apocalypse crab (Abyss:3)
  17 molten gargoyles
  10 dire elephant zombies
  2 ice statues (Depths:4)
  2 gargoyles
  Maurice (D:13)
  5 centaur skeletons
  14 smoke demons
  A white draconian zombie (Tar:2)
  8 dire elephant skeletons
  15 efreet
  10 spectral swamp worms (Tar:7)
  2 catoblepas zombies
  45 yaktaurs
  An orange demon (Abyss:3)
  3 rime drakes (shapeshifter)
  3 rime drakes
  4 shock serpent skeletons
  18 spiny frogs
  54 hellions
  9 hydra zombies
  11 emperor scorpion zombies
  An iron troll zombie (Crypt:2)
  2 yaktaur zombies (Hell)
  58 tormentors
  13 komodo dragons
  3 ancient zymes (Abyss:3)
  3 spectral redbacks (Spider:4)
  17 hellwings
  A kobold demonologist (Depths:5)
  4 elf skeletons
  A yaktaur (shapeshifter) (Vaults:4)
  A death yak skeleton (Crypt:2)
  33 freezing wraiths
  4 harpy zombies
  20 ice devils
  23 demonic crawlers
  2 redback zombies
  A green draconian skeleton (Tar:5)
  5 silent spectres
  A meliai (shapeshifter) (Vaults:1)
  4 tengu conjurers
  A queen bee (Lair:3)
  2 trolls (shapeshifter)
  48 guardian mummies
  36 jumping spiders
  A merfolk (shapeshifter) (Depths:1)
  5 tyrant leeches
  A catoblepas skeleton (Tar:2)
  2 spectral guardian serpents (Crypt:2)
  30 hornets
  2 polar bears
  2 minotaur zombies
  65 red devils
  16 trolls
  A wind drake (shapeshifter) (Depths:2)
  A wind drake (WizLab)
  17 bog bodies
  2 spectral jumping spiders (Spider:4)
  2 spectral tarantellas (Spider:4)
  57 saltlings (Desolation)
  7 fire dragon zombies
  5 raiju (Abyss:3)
  16 ettin zombies
  4 dream sheep (Lair:6)
  12 hydra skeletons
  31 blink frogs
  125 slime creatures
  A stone giant simulacrum (Vaults:1)
  13 hippogriffs
  A tarantella zombie (Spider:4)
  A jumping spider zombie (Spider:4)
  A sphinx simulacrum (Vaults:3)
  2 human simulacra
  9 harpy skeletons
  A deep troll zombie (Hell)
  4 alligator zombies
  15 ice dragon zombies
  A centaur simulacrum (D:15)
  5 black mamba zombies
  3 air elementals
  13 ettin skeletons
  91 redbacks
  11 fire dragon skeletons
  6 ice dragon skeletons
  180 flying skulls
  A ynoxinul (Abyss:3)
  A guardian serpent skeleton (Crypt:1)
  9 spriggans
  2 wyverns
  24 water elementals
  53 yaks
  35 shadows
  2 humans
  5 black mamba skeletons
  30 tarantellas
  2 hogs (Lair:4)
  4 fire bats (Geh:1)
  20 ushabtiu
  3 alligator skeletons
  8 basilisks
  A yak (shapeshifter) (Vaults:3)
  17 golden eyes
  67 wraiths
  11 hungry ghosts
  36 fire elementals
  2 neqoxecs
  A steam dragon (Lair:3)
  20 vampire mosquitoes
  2 wargs
  7 spiny frog zombies
  11 swamp worms
  6 spatial vortices
  11 insubstantial wisps
  An acid dragon (shapeshifter) (Vaults:4)
  2 acid dragons (Vaults:1)
  A merfolk zombie (Geh:5)
  10 water moccasins
  A faun skeleton (Crypt:2)
  161 hell hounds
  A floating eye (Depths:4)
  A soldier ant (D:11)
  8 porcupines
  3 ice beasts
  A floating eye (shapeshifter) (Vaults:1)
  2 spectral hornets (Spider:4)
  2 infernal demonspawn skeletons
  2 hornet zombies
  2 merfolk skeletons
  36 orc warriors
  6 sky beasts
  5 snapping turtle zombies
  3 spiny frog skeletons
  12 swamp drakes
  A black bear (D:8)
  18 phantoms
  7 small abominations
  A fire dragon simulacrum (Hell)
  4 swamp dragon zombies
  5 eyes of draining
  2 manticore zombies
  40 necrophages
  19 wolves
  44 ogres
  8 snapping turtle skeletons
  9 boggarts
  21 centaurs
  4 manticore skeletons
  17 crocodiles
  4 human skeletons
  A swamp dragon skeleton (Geh:7)
  5 big kobolds
  A hog skeleton (Crypt:1)
  3 elf zombies
  23 bullfrogs
  A cyclops zombie (Crypt:1)
  3 earth elementals
  A wyvern zombie (D:11)
  A gnoll sergeant (D:11)
  11 wyvern skeletons
  3 scorpions
  2 spiny frog simulacra (Hell)
  A spriggan zombie (Dis:6)
  2 water moccasin skeletons
  132 wights
  30 killer bees
  3 troll zombies
  2 howler monkeys
  2 troll skeletons
  2 electric eels
  21 crimson imps
  4 quasits
  2 starcursed masses (Abyss:3)
  A yaktaur simulacrum (Vaults:1)
  8 hounds
  4 jellies
  12 orc priests
  A bullfrog zombie (Crypt:1)
  4 bullfrog skeletons
  5 human zombies
  21 orc wizards
  A soldier ant zombie (Crypt:1)
  50 iron imps
  6 iguanas
  8 worker ants
  A porcupine skeleton (Crypt:2)
  An ogre zombie (Geh:2)
  A naga skeleton (Geh:3)
  A demigod skeleton (Crypt:2)
  A hound skeleton (D:3)
  57 mummies
  2 worker ant zombies
  11 adders
  15 gnolls
  2 howler monkey skeletons (D:8)
  28 shadow imps
  3 white imps
  An ufetubus (Depths:3)
  An ooze (Lair:6)
  An adder zombie (D:9)
  5 worms
  2 dart slugs
  6 leopard geckos
  111 orcs
  9 giant cockroaches
  3 goblins
  6 hobgoblins
  6 jackals
  14 kobolds
  6 quokkas
  2 ball pythons (D:2)
  6 bats
  3 frilled lizards
  A kobold skeleton (Geh:3)
  2 kobold zombies
  An orc skeleton (Tar:7)
  4 rats
  A rat skeleton (Crypt:2)
  4 bushes (D:10)
  A butterfly (Lair:2)
  2 fire vortices (Geh:6)
  2 fungi (Lair:6)
  6 plants
  6 tentacles
  3 withered plants (Crypt:3)
5522 creatures vanquished.

Vanquished Creatures (collateral kills)
  A deep elf mage (Elf:1)
  A yaktaur zombie (Hell)
  2 red devils (Hell)
  A yak (D:11)
  A spiny frog zombie (Hell)
6 creatures vanquished.

Vanquished Creatures (others)
  2 liches
  An eldritch tentacle (Geh:6)
  A storm dragon (Vaults:5)
  A draconian scorcher (Zot:2)
  A frost giant (Depths:4)
  A lorocyproca (Dis:5)
  A peacekeeper (Desolation)
  6 death scarabs
  2 deep elf knights
  A small abomination (Elf:3)
  2 skeletal warriors (Tomb:2)
  A deep elf mage (Elf:3)
  A salamander (Depths:4)
  A fire giant skeleton (Geh:7)
  A dire elephant zombie (Tomb:2)
  A tormentor (Geh:7)
  2 yaktaurs
  A harpy zombie (Tomb:2)
  A guardian mummy (Tomb:1)
  2 shadows (Geh:2)
  4 flying skulls
  A fire dragon skeleton (Tomb:2)
  A water elemental (Depths:5)
  An ushabti (Tomb:2)
  A wraith (Geh:7)
  A hell hound (Dis:5)
  A spiny frog skeleton (Geh:7)
  A spiny frog zombie (Geh:7)
  An ogre (Depths:4)
  2 necrophages (Geh:1)
  3 wights
  A tengu zombie (Tomb:2)
  7 mummies
  An adder (D:10)
  A white imp (Abyss:3)
  A giant cockroach (Elf:3)
  A quokka (D:5)
  22 fungi
  28 plants
  18 tentacles
  6 withered plants (Crypt:3)
133 creatures vanquished.

Grand Total: 5661 creatures vanquished

Notes
Turn   | Place    | Note
-------+----------+-------------------------------------------
     0 | D:1      | roguesci the Vine Stalker Transmuter began the quest for the Orb.
     0 | D:1      | Reached XP level 1. HP: 9/9 MP: 4/4
   935 | D:2      | Reached skill level 1 in Stealth
   958 | D:2      | Found an ancient bone altar of Kikubaaqudgha.
   975 | D:2      | Reached XP level 2. HP: 11/14 MP: 4/6
  1463 | D:2      | Reached XP level 3. HP: 14/17 MP: 3/7
  1498 | D:2      | Learned a level 3 spell: Spider Form
  1964 | D:2      | Found a glowing silver altar of Zin.
  2005 | D:2      | Gained mutation: Your natural rate of healing is unusually fast. [Vine Stalker growth]
  2005 | D:2      | Reached XP level 4. HP: 21/21 MP: 7/9
  2416 | D:3      | Reached skill level 2 in Stealth
  2416 | D:3      | Reached skill level 1 in Poison Magic
  2593 | D:3      | Reached XP level 5. HP: 8/25 MP: 1/11
  2891 | D:3      | Reached skill level 1 in Fighting
  3374 | D:3      | Found a sacrificial altar of Ru.
  3552 | D:4      | Found Qogaerr's Armour Boutique.
  3558 | D:4      | Bought a +2 pair of gloves for 181 gold pieces
  3802 | D:4      | Reached skill level 1 in Armour
  3802 | D:4      | Reached XP level 6. HP: 19/30 MP: 6/12
  4461 | D:5      | Entered Level 5 of the Dungeon
  4520 | D:5      | Found a white marble altar of Elyvilon.
  4525 | D:5      | Reached XP level 7. HP: 35/35 MP: 6/13
  4601 | D:5      | Got an ancient rapier
  4602 | D:5      | Identified the +9 rapier "Semownom" {pierce, rF+ Int-4 Dex+4} (You found it on level 5 of the Dungeon)
  4815 | D:5      | Found a burning altar of Makhleb.
  4956 | D:5      | Reached skill level 3 in Stealth
  5089 | D:5      | Noticed Monsterracer's ghost (novice MiBe)
  5281 | D:6      | Reached skill level 1 in Short Blades
  5409 | D:6      | Found Muist's Weapon Emporium.
  5613 | D:6      | Noticed Malvoorn's ghost (novice DsAK)
  6061 | D:6      | Found Atyrishri's Magic Scroll Boutique.
  6211 | D:6      | Found Ezajaowk's Antique Armour Shoppe.
  6216 | D:6      | Bought a polished leather armour for 196 gold pieces
  6216 | D:6      | Identified the cursed +0 leather armour of Wuiseufo {rCorr} (You bought it in a shop on level 6 of the Dungeon)
  6318 | D:6      | Learned a level 5 spell: Blade Hands
  6418 | D:6      | Gained mutation: You have razor-sharp teeth. [Vine Stalker growth]
  6418 | D:6      | Reached XP level 8. HP: 36/40 MP: 15/15
  6522 | D:6      | Killed Malvoorn's ghost
  6522 | D:6      | Reached skill level 4 in Stealth
  6784 | D:6      | Got a bone dagger
  7021 | D:6      | Reached XP level 9. HP: 43/45 MP: 16/16
  7126 | D:6      | Bought a scroll of identify for 24 gold pieces
  7126 | D:6      | Identified the +8 dagger "Asupt" {antimagic, rN+} (You found it on level 6 of the Dungeon)
  7267 | D:7      | Reached skill level 5 in Transmutations
  7285 | D:7      | Found a staircase to the Ecumenical Temple.
  7287 | D:7      | Noticed nht's ghost (novice DrTm)
  7302 | Temple   | Entered the Ecumenical Temple
  7547 | Temple   | Became a worshipper of Ashenzari the Shackled
  7575 | D:7      | Killed nht's ghost
  7575 | D:7      | Reached skill level 5 in Stealth
  7586 | D:7      | Reached skill level 5 in Spellcasting
  8010 | D:7      | Reached skill level 5 in Fighting
  8199 | D:8      | Reached skill level 5 in Dodging
  8547 | D:8      | Reached XP level 10. HP: 42/51 MP: 19/19
  8636 | D:8      | Reached skill level 5 in Unarmed Combat
  8927 | D:9      | Reached skill level 6 in Stealth
  8968 | D:9      | Found a deep blue altar of Sif Muna.
  9069 | D:9      | Noticed a two-headed ogre
  9093 | D:9      | Killed a two-headed ogre
  9632 | D:10     | Entered Level 10 of the Dungeon
  9724 | D:9      | Learned a level 3 spell: Mephitic Cloud
 10120 | D:10     | Noticed a cyan ugly thing
 10184 | D:10     | Killed a cyan ugly thing
 10487 | D:9      | Reached XP level 11. HP: 27/58 MP: 8/21
 10733 | D:10     | Found a bloodstained altar of Trog.
 10927 | D:10     | Found Ferysuge's Armour Boutique.
 10927 | D:10     | Found a staircase to the Orcish Mines.
 10942 | D:10     | Reached skill level 7 in Stealth
 10973 | D:10     | Bought a +0 pair of boots for 63 gold pieces
 11136 | D:11     | Noticed a manticore
 11254 | D:11     | Noticed Nergalle
 11368 | D:11     | Killed a manticore
 11386 | D:11     | Killed Nergalle
 12230 | D:11     | Noticed a white ugly thing
 12389 | D:11     | Found a staircase to the Lair.
 12391 | D:11     | Noticed a purple ugly thing
 12416 | D:11     | Killed a purple ugly thing
 12552 | D:11     | Killed a white ugly thing
 12552 | D:11     | Reached skill level 5 in Short Blades
 12556 | D:11     | Gained mutation: You are dopey. (Int -2) [mutagenic meat]
 12836 | D:11     | Gained mutation: You possess an exceptional clarity of mind. [mutagenic meat]
 12917 | D:12     | Reached skill level 8 in Stealth
 12924 | D:12     | Gained mutation: You heal very quickly. [Vine Stalker growth]
 12924 | D:12     | Reached XP level 12. HP: 64/64 MP: 23/23
 13172 | D:12     | Reached * piety under Ashenzari
 14015 | D:12     | Found Cilalued's Assorted Antiques.
 14026 | D:12     | Lost mutation: You are dopey. (Int -2) [potion of mutation]
 14026 | D:12     | Lost mutation: You possess an exceptional clarity of mind. [potion of mutation]
 14026 | D:12     | Gained mutation: Your body sometimes deteriorates upon taking damage. [potion of mutation]
 14026 | D:12     | Gained mutation: You are robust. (+10% HP) [potion of mutation]
 14027 | D:12     | Lost mutation: Your body sometimes deteriorates upon taking damage. [potion of mutation]
 14027 | D:12     | Lost mutation: You are robust. (+10% HP) [potion of mutation]
 14027 | D:12     | Gained mutation: You are weak. (Str -2) [potion of mutation]
 14027 | D:12     | Gained mutation: You evolve. [potion of mutation]
 14028 | D:12     | Lost mutation: You are weak. (Str -2) [potion of mutation]
 14028 | D:12     | Lost mutation: You evolve. [potion of mutation]
 14028 | D:12     | Gained mutation: You regenerate. [potion of mutation]
 14028 | D:12     | Gained mutation: Your spells are a little harder to cast, but a little more powerful. [potion of mutation]
 14028 | D:12     | Gained mutation: You are agile. (Dex +2) [potion of mutation]
 14029 | D:12     | Lost mutation: You are agile. (Dex +2) [potion of mutation]
 14029 | D:12     | Lost mutation: Your spells are a little harder to cast, but a little more powerful. [potion of mutation]
 14029 | D:12     | Lost mutation: You regenerate. [potion of mutation]
 14029 | D:12     | Gained mutation: You are partially covered in icy blue scales. (AC +2) [potion of mutation]
 14029 | D:12     | Gained mutation: You have an increased reservoir of magic. (+10% MP) [potion of mutation]
 14341 | D:13     | Noticed Maurice
 14354 | D:13     | Killed Maurice
 14500 | D:13     | Identified the cursed +0 helmet "Ikem" {rElec rC- MR++ Int+3}
 14955 | D:13     | Noticed a centaur warrior
 14965 | D:13     | Killed a centaur warrior
 15135 | D:13     | Noticed a vault guard
 15135 | D:13     | Noticed a vault guard
 15135 | D:13     | Noticed a deep elf knight
 15525 | Lair:1   | Entered Level 1 of the Lair of Beasts
 15797 | Lair:1   | Reached ** piety under Ashenzari
 16529 | Lair:2   | Reached skill level 1 in Conjurations
 16544 | Lair:2   | Reached skill level 9 in Stealth
 16589 | Lair:2   | Reached XP level 13. HP: 70/70 MP: 28/28
 16606 | Lair:2   | Found a hole to the Spider Nest.
 16650 | Lair:2   | Identified the +7 scimitar of Housukin {elec, rF- MR++ Int+9}
 16731 | Lair:2   | Found a labyrinth entrance.
 16734 | Lair:2   | Noticed Gastronok
 16750 | Lair:2   | Killed Gastronok
 17459 | Lair:2   | Learned a level 2 spell: Passwall
 18035 | Lair:3   | Identified the +3 dagger of Instinct {freeze, +Rage rElec Int-3}
 18193 | Lair:3   | Found a staircase to the Swamp.
 18759 | Lair:3   | Upgraded the game from 0.20-a0-1020-g7b9e4fe to 0.20-a0-1025-g4706f7e
 18782 | Lair:4   | Reached *** piety under Ashenzari
 18821 | Lair:4   | Reached skill level 10 in Fighting
 19084 | Lair:4   | Reached XP level 14. HP: 77/77 MP: 31/31
 19269 | Lair:4   | Reached skill level 10 in Stealth
 20462 | Lair:5   | Noticed Kirke
 20832 | Lair:5   | Killed Kirke
 20832 | Lair:5   | Reached skill level 10 in Spellcasting
 21251 | Lair:5   | Got the cursed pair of boots of Boredom {rN+ Int+4 Stlth-}
 21553 | Lair:6   | Entered Level 6 of the Lair of Beasts
 21553 | Lair:6   | Noticed nht's ghost (journeyman DrTm)
 22345 | D:12     | Bought a metal-bound book for 390 gold pieces
 22345 | D:12     | Bought a paperback book for 390 gold pieces
 22740 | Lair:6   | Killed nht's ghost
 22857 | Lair:6   | Reached skill level 10 in Dodging
 23075 | Lair:6   | Found a runed door.
 23075 | Lair:6   | Found a viscous altar of Jiyva.
 23075 | Lair:6   | Found a staircase to the Slime Pits.
 23182 | Lair:6   | Reached **** piety under Ashenzari
 23279 | Lair:6   | Identified the ring of Veomygep {Str+2 Int+4 Dex+4 Stlth+}
 23741 | Lair:6   | Reached XP level 15. HP: 47/81 MP: 33/33
 23868 | Lair:6   | Reached skill level 5 in Conjurations
 23927 | Lair:6   | Reached skill level 11 in Stealth
 24388 | Lair:6   | Identified the ring "Xouzat" {rN+ MP+9}
 25101 | Orc:1    | Entered Level 1 of the Orcish Mines
 25260 | Orc:1    | Noticed Fannar
 25264 | Orc:1    | Killed Fannar
 25521 | Orc:1    | Noticed an orc warlord
 25651 | Orc:1    | Killed an orc warlord
 25794 | Orc:2    | Entered Level 2 of the Orcish Mines
 26380 | Orc:2    | Found Cucva's Jewellery Shoppe.
 26389 | Orc:2    | Found Orchae's Armour Shoppe.
 26390 | Orc:2    | Found Deri's Assorted Antiques.
 26576 | Orc:2    | Found Hemer's Magic Scroll Emporium.
 26616 | Orc:2    | Bought a scroll of blinking for 90 gold pieces
 26616 | Orc:2    | Bought a scroll of blinking for 90 gold pieces
 26616 | Orc:2    | Bought a scroll of remove curse for 36 gold pieces
 26616 | Orc:2    | Bought a scroll of remove curse for 36 gold pieces
 26623 | Orc:2    | Bought an amethyst potion for 17 gold pieces
 26754 | Orc:2    | Found a staircase to the Elven Halls.
 27067 | Orc:2    | Reached XP level 16. HP: 88/88 MP: 35/35
 27111 | Orc:1    | Upgraded the game from 0.20-a0-1025-g4706f7e to 0.20-a0-1026-gc3ddcbd
 27156 | Orc:2    | Bought a scroll of blinking for 142 gold pieces
 27156 | Orc:2    | Bought a bone ring for 95 gold pieces
 27156 | Orc:2    | Bought a scroll of blinking for 142 gold pieces
 27164 | Orc:2    | Bought a scroll of identify for 24 gold pieces
 27164 | Orc:2    | Bought a scroll of identify for 24 gold pieces
 27164 | Orc:2    | Bought 2 scrolls of enchant armour for 180 gold pieces
 27164 | Orc:2    | Bought a scroll of identify for 24 gold pieces
 27164 | Orc:2    | Bought a scroll of identify for 24 gold pieces
 27359 | D:14     | Upgraded the game from 0.20-a0-1026-gc3ddcbd to 0.20-a0-1034-gb277f92
 28038 | D:14     | Reached skill level 10 in Transmutations
 28236 | D:15     | Entered Level 15 of the Dungeon
 28323 | D:15     | Learned a level 5 spell: Irradiate
 28428 | D:15     | Found a staircase to the Depths.
 28592 | D:15     | Reached skill level 12 in Stealth
 28754 | D:15     | Reached ***** piety under Ashenzari
 28795 | D:15     | Found an opulent altar of Gozag.
 29152 | D:15     | Learned a level 5 spell: Dispel Undead
 29162 | D:15     | Identified the cursed +0 pair of boots of Boredom {rN+ Int+4 Stlth-} (You found it on level 5 of the Lair of Beasts)
 29171 | Depths:1 | Entered Level 1 of the Depths
 29195 | D:15     | Reached skill level 1 in Necromancy
 29446 | Depths:1 | Paralysed by a great orb of eyes for 7 turns
 29585 | Depths:1 | Noticed a tengu reaver
 29610 | Depths:1 | Killed a tengu reaver
 30103 | Depths:1 | Found a gateway to Hell.
 30404 | Elf:1    | Entered Level 1 of the Elven Halls
 30476 | Elf:1    | Found a ruined gateway.
 30513 | Desolati | Entered the Desolation of Salt
 30719 | Desolati | Reached XP level 17. HP: 77/94 MP: 33/37
 31274 | Desolati | Identified the +7 chain mail "Vutirph" {Dex+3 SInv}
 31287 | Desolati | Learned a level 1 spell: Apportation
 31291 | Desolati | Learned a level 3 spell: Lesser Beckoning
 31305 | Desolati | Identified the Volume of the Five Eyes
 31321 | Desolati | Learned a level 5 spell: Aura of Abjuration
 31493 | Desolati | Identified the ring "Rathatof" {+Fly rN+ MP+9}
 31493 | Desolati | Identified the +0 hat of Deqahutz {Stlth+}
 31494 | Desolati | Identified the +5 flail of Gallantry {elec, rElec MP+9}
 31502 | Desolati | Reached skill level 5 in Necromancy
 31526 | Desolati | Got the uncursed buckler of the Special Cities {rC+}
 31532 | Desolati | Identified the +3 buckler of the Special Cities {rC+} (You found it in the Desolation of Salt)
 31583 | Desolati | Identified the ring "Ojir" {+Fly Int+3} (You took it off an imperial myrmidon in the Desolation of Salt)
 31706 | Desolati | Reached skill level 1 in Shields
 31775 | Desolati | Identified the Reference Book on Bewitching Changing
 31784 | Desolati | Learned a level 6 spell: Statue Form
 32160 | Elf:1    | Found Pioxtoqir's Jewellery Shoppe.
 32220 | Elf:1    | Found Vaikeasu's Antique Weapon Shoppe.
 32352 | Elf:1    | Found Ryfufe's Food Shop.
 32540 | Elf:1    | Reached skill level 13 in Stealth
 32925 | Elf:1    | Identified Ehiomum's Catalogue of Sinister Rites
 32932 | Elf:1    | Learned a level 3 spell: Vampiric Draining
 33133 | Elf:1    | Reached XP level 18. HP: 99/99 MP: 40/40
 33825 | Elf:2    | Found a runed gate.
 33825 | Elf:2    | Found a runed gate.
 33826 | Elf:2    | Found a runed gate.
 34922 | Elf:3    | Entered Level 3 of the Elven Halls
 34949 | Elf:3    | Reached skill level 10 in Short Blades
 35118 | Elf:3    | Reached skill level 5 in Shields
 35326 | Elf:3    | Found Kegearaemp's Magic Scroll Emporium.
 35338 | Elf:3    | Bought 3 scrolls of blinking for 382 gold pieces
 35338 | Elf:3    | Bought a scroll of remove curse for 51 gold pieces
 35338 | Elf:3    | Bought a scroll of identify for 34 gold pieces
 35338 | Elf:3    | Bought a scroll of identify for 34 gold pieces
 35554 | Elf:3    | Reached ****** piety under Ashenzari
 35716 | Elf:3    | Noticed a deep elf blademaster
 35765 | Elf:3    | Killed a deep elf blademaster
 35765 | Elf:3    | Reached XP level 19. HP: 104/104 MP: 35/42
 35817 | Elf:3    | Cast into level 3 of the Abyss (a deep elf sorcerer)
 35883 | Abyss:3  | Reached skill level 14 in Stealth
 35887 | Abyss:3  | Paralysed by accursed screaming for 1 turns
 35909 | Abyss:3  | Paralysed by accursed screaming for 1 turns
 35921 | Abyss:3  | Paralysed by accursed screaming for 1 turns
 36033 | Abyss:3  | Noticed a bone dragon
 36089 | Elf:3    | Escaped the Abyss
 36251 | Elf:3    | Reached skill level 1 in Earth Magic
 36726 | Elf:3    | Identified the ring "Fiacip" {+Fly MR+} (You took it off a deep elf master archer on level 3 of the Elven Halls)
 37068 | Elf:3    | Identified the cursed +1 robe of Qinucrao {rF+}
 37075 | Elf:3    | Identified the +2 pair of boots of Rotation {rF+}
 37078 | Elf:3    | Identified the Reference Book on Ashen Confrontation
 37093 | Elf:3    | Identified Ninaina's Tome of Ice
 37097 | Elf:3    | Identified the Grimoire of Air
 37152 | Elf:3    | Learned a level 5 spell: Fireball
 37243 | Elf:3    | Learned a level 6 spell: Iron Shot
 38204 | D:10     | Upgraded the game from 0.20-a0-1034-gb277f92 to 0.20-a0-1039-gf554463
 39140 | Depths:1 | Found a basalt altar of Yredelemnul.
 39192 | Depths:1 | Noticed a profane servitor
 39357 | Depths:1 | Killed a profane servitor
 39804 | Swamp:1  | Entered Level 1 of the Swamp
 39834 | Swamp:1  | Identified 2 scrolls of acquirement
 39856 | Swamp:1  | Learned a level 7 spell: Dragon Form
 40791 | Swamp:2  | Reached XP level 20. HP: 110/110 MP: 43/43
 40814 | Swamp:2  | Noticed Nikola
 40816 | Swamp:2  | Noticed Jorgrun
 40822 | Swamp:2  | Killed Nikola
 40824 | Swamp:2  | Killed Jorgrun
 40978 | Swamp:2  | Reached skill level 5 in Earth Magic
 41084 | Swamp:2  | Identified Wugimm's Theurgy, Part Five (You acquired it on level 2 of the Swamp)
 41088 | Swamp:2  | Identified the cursed +1 crystal plate armour "Mojobas" {rPois} (You acquired it on level 2 of the Swamp)
 41812 | Swamp:3  | Reached skill level 15 in Spellcasting
 41860 | Swamp:3  | Learned a level 8 spell: Necromutation
 42185 | Swamp:3  | Reached skill level 15 in Stealth
 42368 | Swamp:4  | Entered Level 4 of the Swamp
 42390 | Swamp:4  | Identified the +10 scythe of Innocence {venom, rElec}
 43027 | Swamp:4  | Got a decaying rune of Zot
 43829 | Spider:1 | Entered Level 1 of the Spider Nest
 44275 | Spider:1 | Found a runed door.
 44952 | Spider:1 | Reached XP level 21. HP: 116/116 MP: 43/45
 45003 | Spider:1 | Identified the +4 plate armour of Sin {rElec rCorr Int-4 Stlth+}
 47149 | Spider:3 | Reached skill level 10 in Necromancy
 47490 | Spider:4 | Entered Level 4 of the Spider Nest
 47621 | Spider:4 | Learned a level 6 spell: Deflect Missiles
 48692 | Spider:4 | Reached skill level 15 in Fighting
 48745 | Spider:4 | Got a gossamer rune of Zot
 48910 | Spider:4 | Upgraded the game from 0.20-a0-1039-gf554463 to 0.20-a0-1040-gfd09691
 49150 | Slime:1  | Entered Level 1 of the Pits of Slime
 49170 | Slime:1  | Reached skill level 16 in Stealth
 49392 | Slime:1  | Lost mutation: You have an increased reservoir of magic. (+10% MP) [a shining eye]
 49394 | Slime:1  | Gained mutation: You are weak. (Str -2) [a shining eye]
 49402 | Slime:1  | Reached XP level 22. HP: 87/122 MP: 40/42
 49416 | Slime:1  | Gained mutation: Your body sometimes deteriorates upon taking damage. [a shining eye]
 49425 | Slime:1  | Gained mutation: You are dopey. (Int -2) [a shining eye]
 49427 | Slime:1  | Gained mutation: Your spells are a little easier to cast, but a little less powerful. [a shining eye]
 49428 | Slime:1  | Gained mutation: Scrolls take you a little longer to read. [a shining eye]
 49475 | Slime:1  | Lost mutation: You are weak. (Str -2) [potion of mutation]
 49475 | Slime:1  | Lost mutation: You are dopey. (Int -2) [potion of mutation]
 49475 | Slime:1  | Lost mutation: Scrolls take you a little longer to read. [potion of mutation]
 49475 | Slime:1  | Lost mutation: Your spells are a little easier to cast, but a little less powerful. [potion of mutation]
 49475 | Slime:1  | Gained mutation: Your spells are a little harder to cast, but a little more powerful. [potion of mutation]
 49475 | Slime:1  | Gained mutation: Your skin changes colour to match your surroundings (Stealth+). [potion of mutation]
 49476 | Slime:1  | Lost mutation: Your body sometimes deteriorates upon taking damage. [potion of mutation]
 49476 | Slime:1  | Lost mutation: You are partially covered in icy blue scales. (AC +2) [potion of mutation]
 49476 | Slime:1  | Gained mutation: You are resistant to electric shocks. (rElec) [potion of mutation]
 49476 | Slime:1  | Gained mutation: Your spells are harder to cast, but more powerful. [potion of mutation]
 49974 | Depths:2 | Found a magical portal.
 49984 | WizLab   | Entered The Roulette of Golubria
 49990 | WizLab   | Found a corrupted altar of Lugonu.
 50029 | WizLab   | Identified Golubria's Compendium of Translocation
 50857 | WizLab   | Identified Sif Muna's Grimoire of the Traveller
 51153 | WizLab   | Got the uncursed cloak of the Quahog {rElec Regen+}
 51157 | WizLab   | Got the uncursed cloak of the Elephant {Dex+5}
 51163 | WizLab   | Identified the +1 cloak of the Quahog {rElec Regen+} (You found it in a wizard's laboratory)
 51174 | WizLab   | Identified the +3 cloak of the Elephant {Dex+5} (You found it in a wizard's laboratory)
 51279 | Depths:2 | Found a gateway to a ziggurat.
 51368 | Depths:2 | Found a sparkling altar of Nemelex Xobeh.
 51541 | Depths:1 | Lost mutation: You are resistant to electric shocks. (rElec) [mutagenic meat]
 51543 | Depths:1 | Gained mutation: Your mind is acute. (Int +2) [mutagenic meat]
 51545 | Depths:1 | Gained mutation: You occasionally shout uncontrollably at your foes. [mutagenic meat]
 51546 | Depths:1 | Gained mutation: You are somewhat resistant to further mutation. [mutagenic meat]
 51567 | Depths:1 | Gained mutation: You are frail. (-10% HP) [mutagenic meat]
 52045 | Depths:2 | Gained mutation: You are very frail. (-20% HP) [mutagenic meat]
 52733 | Depths:3 | Noticed the Enchantress
 52758 | Depths:3 | Killed the Enchantress
 52758 | Depths:3 | Identified the +1 faerie dragon scales {rElec rCorr SInv} (You took it off the Enchantress on level 3 of the Depths)
 53114 | Depths:3 | Found a one-way gate leading to the halls of Pandemonium.
 53254 | Depths:3 | Gained mutation: Your system is resistant to poisons. (rPois) [mutagenic meat]
 53317 | Depths:3 | Reached XP level 23. HP: 99/102 MP: 39/44
 53439 | Depths:3 | Noticed a golden dragon
 53658 | Depths:2 | Killed a golden dragon
 54455 | Depths:4 | Found Ethah's Changing Room.
 54471 | Depths:4 | Bought 3 mutagenic chunks of flesh for 5 gold pieces
 54475 | Depths:4 | Gained mutation: You are partially covered in icy blue scales. (AC +2) [mutagenic meat]
 54596 | Depths:4 | Reached skill level 17 in Stealth
 54727 | Depths:4 | Paralysed by a floating eye for 3 turns
 55137 | Depths:4 | Lost mutation: You are very frail. (-20% HP) [potion of mutation]
 55137 | Depths:4 | Lost mutation: Your system is resistant to poisons. (rPois) [potion of mutation]
 55137 | Depths:4 | Lost mutation: You are frail. (-10% HP) [potion of mutation]
 55318 | Depths:4 | Found a one-way gate to the infinite horrors of the Abyss.
 55696 | Depths:4 | Noticed an ancient lich
 55721 | Depths:4 | Killed an ancient lich
 55775 | Depths:4 | Learned a level 3 spell: Regeneration
 55905 | Depths:5 | Entered Level 5 of the Depths
 56010 | Depths:5 | Noticed a golden dragon
 56056 | Depths:5 | Killed a golden dragon
 56056 | Depths:5 | Reached XP level 24. HP: 135/135 MP: 44/44
 56277 | Depths:5 | Found a gate to the Realm of Zot.
 56863 | Depths:5 | Lost mutation: Your spells are harder to cast, but more powerful. [potion of mutation]
 56863 | Depths:5 | Lost mutation: Your spells are a little harder to cast, but a little more powerful. [potion of mutation]
 56863 | Depths:5 | Lost mutation: Your mind is acute. (Int +2) [potion of mutation]
 56863 | Depths:5 | Gained mutation: Your muscles are strong. (Str +2) [potion of mutation]
 58731 | Slime:5  | Entered Level 5 of the Pits of Slime
 58804 | Slime:5  | Gained mutation: Your body sometimes deteriorates upon taking damage. [a shining eye]
 58821 | Slime:5  | Noticed the Royal Jelly
 59190 | Slime:5  | Killed the Royal Jelly
 59756 | Slime:5  | Reached skill level 18 in Stealth
 59961 | Slime:5  | Identified the +4 quarterstaff "Teli" {drain, rF++ Str-4}
 59962 | Slime:5  | Identified the +2 great sword of Ifebuy {protect, rN+}
 59963 | Slime:5  | Identified the +4 glaive of Fedhas's Regard {speed, rElec Str+6}
 59963 | Slime:5  | Identified the +7 falchion of Eternity {venom, MR+ SInv}
 59964 | Slime:5  | Identified the +7 chain mail "Feigiviz" {rPois Str+6}
 59980 | Slime:5  | Identified the Almanac of the Catfish
 60061 | Slime:5  | Identified the Papyrus of Stones and Self-Improvement
 60114 | Slime:5  | Identified Usawash's Disquisition on the Birds and the Mountains
 60124 | Slime:5  | Got a slimy rune of Zot
 60159 | Slime:5  | Lost mutation: You occasionally shout uncontrollably at your foes. [potion of mutation]
 60159 | Slime:5  | Lost mutation: Your body sometimes deteriorates upon taking damage. [potion of mutation]
 60159 | Slime:5  | Lost mutation: Your muscles are strong. (Str +2) [potion of mutation]
 60159 | Slime:5  | Gained mutation: You have large cloven feet. [potion of mutation]
 60190 | Slime:5  | Reached XP level 25. HP: 140/140 MP: 44/44
 60249 | Slime:4  | Paralysed by a great orb of eyes for 5 turns
 60263 | Slime:4  | Reached skill level 15 in Transmutations
 61361 | Depths:1 | Reached skill level 15 in Dodging
 61428 | Hell     | Entered the Vestibule of Hell
 61428 | Hell     | Noticed Geryon
 61723 | Hell     | Killed Geryon
 62222 | Hell     | Found a gateway to the ashen valley of Gehenna.
 62332 | Hell     | Found a gateway to the decaying netherworld of Tartarus.
 62410 | Hell     | Found a gateway to the freezing wastes of Cocytus.
 62598 | Depths:1 | Upgraded the game from 0.20-a0-1040-gfd09691 to 0.20-a0-1043-gbd57889
 62650 | Tar:1    | Entered Level 1 of Tartarus
 62827 | Tar:1    | Reached skill level 15 in Necromancy
 63634 | Tar:1    | Reached XP level 26. HP: 147/147 MP: 45/45
 64556 | Tar:2    | HP: 5/147 [Tzitzimitl/dispel undead[a doom hound] (30)]
 65094 | Tar:2    | Reached skill level 19 in Stealth
 65338 | Tar:2    | Cast into level 3 of the Abyss (reaper)
 65751 | Abyss:3  | Found a corrupted altar of Lugonu.
 65875 | Abyss:3  | Got an abyssal rune of Zot
 65897 | Tar:2    | Escaped the Abyss
 66243 | Tar:2    | Learned a level 8 spell: Controlled Blink
 66243 | Tar:2    | Upgraded the game from 0.20-a0-1043-gbd57889 to 0.20-a0-1058-g0491fde
 66277 | Tar:3    | Reached skill level 1 in Translocations
 66453 | Tar:3    | Reached XP level 27. HP: 102/153 MP: 45/45
 67829 | Tar:3    | Upgraded the game from 0.20-a0-1058-g0491fde to 0.21-a0-39-g28ea6b7
 68630 | D:13     | Reached skill level 1 in Charms
 68669 | D:13     | Found a gate to the Vaults.
 68712 | Vaults:1 | Entered Level 1 of the Vaults
 68753 | Vaults:1 | Reached skill level 5 in Translocations
 69284 | Vaults:1 | Identified the +7 flail "Roxekhyzi" {crush, rC- MR+++ Int+3 Stlth+}
 69528 | Vaults:1 | Noticed Aizul
 69541 | Vaults:1 | Killed Aizul
 69998 | Vaults:1 | Identified the ring "Laphiups" {+Inv rF+ Str+7 Dex-4 Stlth+}
 70766 | Vaults:2 | Found a staircase to the Crypt.
 70766 | Vaults:2 | Found an ancient bone altar of Kikubaaqudgha.
 70767 | Vaults:2 | Found a basalt altar of Yredelemnul.
 70825 | Vaults:2 | Reached skill level 5 in Charms
 71030 | Vaults:2 | Found a portal to a secret trove of treasure.
 71274 | D:10     | Bought +1 shadow dragon scales for 1218 gold pieces
 71484 | Vaults:2 | You paid a toll of +1 shadow dragon scales to enter a treasure trove
 71485 | Trove    | Entered a treasure trove
 71490 | Trove    | Identified the cursed +8 short sword of Corruption {freeze, rPois}
 71490 | Trove    | Identified the +9 hand axe "Beetle's Death" {holy, Str+4}
 71490 | Trove    | Identified the +5 spear "Animuel" {holy, Str+4 Dex+2}
 71490 | Trove    | Identified the cursed +3 quick blade "Nurearew" {pierce, rC+ Str+4 Int+5}
 71491 | Trove    | Identified the +8 short sword of Mastery {distort, *Contam rElec Dex+5 Stlth+}
 72857 | Vaults:3 | Noticed Margery
 72879 | Vaults:3 | Killed Margery
 73169 | Vaults:3 | Noticed Saint Roka
 73187 | Vaults:3 | Killed Saint Roka
 73187 | Vaults:3 | Reached skill level 20 in Stealth
 74040 | Vaults:4 | Identified the +7 hand axe of the Hall of Blades {protect, *Drain rPois Str+4}
 75152 | Vaults:4 | Reached skill level 15 in Short Blades
 75325 | Vaults:5 | Entered Level 5 of the Vaults
 75332 | Vaults:5 | Noticed Mennas
 75547 | Vaults:5 | Reached skill level 10 in Translocations
 75638 | Vaults:4 | Killed Mennas
 75701 | Vaults:5 | Noticed an ancient lich
 75710 | Vaults:5 | Killed an ancient lich
 75766 | Vaults:5 | Reached skill level 10 in Charms
 75848 | Vaults:5 | Identified the ring "Jicwapt" {+Blink rN+ Str+3 Int+4} (You took it off an ironbrand convoker on level 5 of the Vaults)
 75862 | Vaults:5 | Got a silver rune of Zot
 76317 | Vaults:5 | Identified the +2 ring mail "Narch" {Dex+4}
 76546 | Vaults:5 | Identified the +1 robe of Mucacky {MR++ Str+3 Dex-2} (You took it off a yaktaur on level 5 of the Vaults)
 76555 | Vaults:5 | Identified the ring of the Lotus Blossom {rF+ Str+4 Int+5 Dex-2 Stlth+} (You took it off a yaktaur on level 5 of the Vaults)
 76616 | Vaults:5 | Identified the +9 dagger "Cula" {elec, rF- Str+4 Int+4}
 76781 | Vaults:5 | Found Lirrican's Food Shoppe.
 77809 | Vaults:5 | Learned a level 8 spell: Necromutation
 77997 | Crypt:1  | Entered Level 1 of the Crypt
 78534 | Crypt:1  | Noticed Frederick
 78541 | Crypt:1  | Killed Frederick
 78618 | Crypt:1  | Noticed Sojobo
 78625 | Crypt:1  | Killed Sojobo
 78961 | Crypt:2  | Noticed Donald
 78982 | Crypt:2  | Killed Donald
 79172 | Crypt:2  | Reached skill level 21 in Stealth
 79893 | Crypt:3  | Entered Level 3 of the Crypt
 80689 | Crypt:3  | Found a staircase to the Tomb.
 80874 | Crypt:3  | Found an ancient bone altar of Kikubaaqudgha.
 81304 | Crypt:3  | Identified the +7 hand axe "Hisaatri" {drain, +Inv rPois}
 81307 | Crypt:3  | Noticed an ancient lich
 81320 | Crypt:3  | Killed an ancient lich
 81432 | Crypt:3  | Identified the ring "Poinnub" {rF+ rN+}
 81580 | Crypt:3  | Identified the ring of Eternal Night {*Corrode rElec rPois rN+}
 81580 | Crypt:3  | Identified the ring of Awe {rElec rN+ Slay+2}
 81886 | Crypt:3  | Identified the ring "Uvyino" {rC+ Dex+5}
 82161 | Tomb:1   | Entered Level 1 of the Tomb of the Ancients
 82687 | Tomb:1   | Identified the Volume of Glacial Earth
 83095 | Tomb:2   | Noticed a greater mummy
 83107 | Tomb:2   | Killed a greater mummy
 83114 | Tomb:2   | Noticed a greater mummy
 83125 | Tomb:2   | Noticed a greater mummy
 83126 | Tomb:2   | Noticed a greater mummy
 83146 | Tomb:2   | Killed a greater mummy
 83148 | Tomb:2   | Killed a greater mummy
 83179 | Tomb:2   | Killed a greater mummy
 83771 | Tomb:1   | Noticed a greater mummy
 83773 | Tomb:1   | Noticed a greater mummy
 83773 | Tomb:1   | Noticed a greater mummy
 83774 | Tomb:1   | Noticed a greater mummy
 83774 | Tomb:1   | Noticed a greater mummy
 83780 | Tomb:1   | Noticed a greater mummy
 83782 | Tomb:1   | Killed a greater mummy
 84101 | Tomb:1   | Killed a greater mummy
 84117 | Tomb:1   | Killed a greater mummy
 84398 | Tomb:1   | Noticed a greater mummy
 84403 | Tomb:1   | Killed a greater mummy
 84421 | Tomb:1   | Killed a greater mummy
 84425 | Tomb:1   | Killed a greater mummy
 84432 | Tomb:1   | Killed a greater mummy
 84517 | Tomb:1   | Noticed a greater mummy
 84536 | Tomb:1   | Killed a greater mummy
 84540 | Tomb:1   | Noticed a greater mummy
 84541 | Tomb:1   | Noticed a greater mummy
 84551 | Tomb:1   | Killed a greater mummy
 84564 | Tomb:1   | Killed a greater mummy
 84564 | Tomb:1   | Reached skill level 22 in Stealth
 84598 | Tomb:1   | Noticed a greater mummy
 84604 | Tomb:1   | Noticed a greater mummy
 84610 | Tomb:1   | Noticed a greater mummy
 84618 | Tomb:1   | Killed a greater mummy
 84623 | Tomb:1   | Noticed a greater mummy
 84628 | Tomb:1   | Killed a greater mummy
 84640 | Tomb:1   | Killed a greater mummy
 84661 | Tomb:1   | Killed a greater mummy
 84826 | Tomb:1   | Noticed a greater mummy
 84827 | Tomb:1   | Noticed a greater mummy
 84829 | Tomb:1   | Noticed a greater mummy
 84830 | Tomb:1   | Noticed a greater mummy
 84831 | Tomb:1   | Noticed a greater mummy
 84832 | Tomb:1   | Noticed a greater mummy
 84834 | Tomb:1   | Noticed a greater mummy
 84835 | Tomb:1   | Reached skill level 15 in Translocations
 84845 | Tomb:1   | Noticed a greater mummy
 84845 | Tomb:1   | Killed a greater mummy
 84849 | Tomb:1   | Noticed a greater mummy
 84853 | Tomb:1   | Killed a greater mummy
 84862 | Tomb:1   | Killed a greater mummy
 85242 | Tomb:1   | Killed a greater mummy
 85248 | Tomb:1   | Killed a greater mummy
 85259 | Tomb:1   | Killed a greater mummy
 85281 | Tomb:1   | Killed a greater mummy
 85357 | Tomb:1   | Killed a greater mummy
 85366 | Tomb:1   | Killed a greater mummy
 85510 | Tomb:2   | Reached skill level 15 in Charms
 85626 | Tomb:3   | Entered Level 3 of the Tomb of the Ancients
 85657 | Tomb:3   | Noticed a greater mummy
 85659 | Tomb:3   | Identified the +0 cloak of the Endless Expanse {rPois rF+ Dex+4 Stlth+}
 85879 | Tomb:3   | Noticed a greater mummy
 86034 | Tomb:3   | Noticed a greater mummy
 86351 | Tomb:3   | Noticed a greater mummy
 86455 | Tomb:3   | Killed a greater mummy
 86465 | Tomb:3   | Noticed a greater mummy
 86471 | Tomb:3   | Noticed a greater mummy
 86472 | Tomb:3   | Identified the ring "Fuiluo" {rF- Str+3 Dex+2 SInv Stlth+}
 86472 | Tomb:3   | Identified the cursed -5 cloak of Ishompew {rElec rC+ Str+10 Int-4}
 86669 | Tomb:3   | Killed a greater mummy
 86670 | Tomb:3   | Noticed a greater mummy
 86671 | Tomb:3   | Noticed a greater mummy
 87026 | Tomb:3   | Killed a greater mummy
 87028 | Tomb:3   | Killed a greater mummy
 87685 | Tomb:3   | Killed a greater mummy
 87918 | Tomb:3   | Killed a greater mummy
 88235 | Tomb:3   | Killed a greater mummy
 88542 | Tomb:3   | Killed a greater mummy
 88885 | Tomb:3   | Got a golden rune of Zot
 88940 | Tomb:3   | Identified the +8 rapier "Testudineslayer" {freeze, -Tele +Inv rC+++ Str-5}
 88944 | Tomb:3   | Identified the +8 morningstar "Dragonslayer" {venom, rF+ rC+ Dex-4 SInv}
 88991 | Tomb:3   | Identified the Catalogue of Unholy Arts and the Escort
 89184 | Tomb:3   | Identified the ring of Music {rC+ MR+}
 89329 | Tomb:3   | Identified the Handbook of Necromancy
 89570 | Tomb:3   | Identified the cursed -3 helmet "Lauselot" {rF- rC+ Regen+} (You found it on level 5 of the Pits of Slime)
 89570 | Tomb:3   | Identified the -1 large shield "Gevaggu" {rPois rCorr Str-3} (You found it on level 5 of the Pits of Slime)
 90203 | Geh:1    | Entered Level 1 of Gehenna
 92660 | Geh:3    | Reached skill level 23 in Stealth
 94133 | Geh:2    | Reached skill level 5 in Armour
 95225 | Geh:5    | Reached skill level 1 in Air Magic
 97121 | Geh:7    | Entered Level 7 of Gehenna
 97194 | Geh:7    | Reached skill level 5 in Air Magic
 98624 | Geh:7    | Reached skill level 24 in Stealth
 98918 | Geh:7    | Noticed Asmodeus
 99187 | Geh:7    | Killed Asmodeus
 99249 | Geh:7    | Got an obsidian rune of Zot
 99475 | Hell     | Lost mutation: You are somewhat resistant to further mutation. [potion of mutation]
 99475 | Hell     | Lost mutation: You have large cloven feet. [potion of mutation]
 99475 | Hell     | Gained mutation: You are frail. (-10% HP) [potion of mutation]
 99475 | Hell     | Gained mutation: Your spells are a little harder to cast, but a little more powerful. [potion of mutation]
 99476 | Hell     | Lost mutation: You are frail. (-10% HP) [potion of mutation]
 99476 | Hell     | Lost mutation: You are partially covered in icy blue scales. (AC +2) [potion of mutation]
 99476 | Hell     | Lost mutation: Your spells are a little harder to cast, but a little more powerful. [potion of mutation]
 99476 | Hell     | Gained mutation: You are somewhat resistant to further mutation. [potion of mutation]
 99477 | Hell     | Lost mutation: You are somewhat resistant to further mutation. [potion of mutation]
 99477 | Hell     | Lost mutation: Your skin changes colour to match your surroundings (Stealth+). [potion of mutation]
 99477 | Hell     | Gained mutation: You are somewhat resistant to further mutation. [potion of mutation]
 99477 | Hell     | Gained mutation: You are surrounded by a mild repulsion field. (EV +2) [potion of mutation]
 99478 | Hell     | Lost mutation: You are somewhat resistant to further mutation. [potion of mutation]
 99478 | Hell     | Lost mutation: You are surrounded by a mild repulsion field. (EV +2) [potion of mutation]
 99478 | Hell     | Gained mutation: You are resistant to hostile enchantments. (MR+) [potion of mutation]
 99478 | Hell     | Gained mutation: You are frail. (-10% HP) [potion of mutation]
 99478 | Hell     | Gained mutation: You passively map a small area around you. [potion of mutation]
100959 | Tar:4    | Reached skill level 10 in Air Magic
101776 | Hell     | Found a gateway to the Iron City of Dis.
101785 | Dis:1    | Entered Level 1 of the Iron City of Dis
104920 | Dis:4    | Reached skill level 25 in Stealth
107582 | Dis:7    | Entered Level 7 of the Iron City of Dis
108416 | Dis:7    | Reached skill level 10 in Armour
108882 | Dis:7    | Noticed the Serpent of Hell
109065 | Dis:7    | Killed the Serpent of Hell
109127 | Dis:7    | Identified Sif Muna's Compendium of Doomed Bewitchment
109199 | Dis:7    | Identified the ring "Dyik" {rF+ Int+4 SInv}
109327 | Dis:7    | Identified the cursed +0 ring mail of Fowkyara {*Corrode rElec rPois rF+++ Str-3}
109828 | Dis:7    | Noticed Dispater
110262 | Dis:7    | Killed Dispater
110388 | Dis:7    | Identified the cursed +1 chain mail of the Doldrums {rElec}
110395 | Dis:7    | Identified the +3 leather armour "Ixeacs" {rPois rCorr}
110403 | Dis:7    | Identified the amulet "Zidu" {Faith rN+ Int-4 Stlth+}
110409 | Dis:7    | Got an iron rune of Zot
111976 | Tar:5    | Reached skill level 15 in Air Magic
112393 | Tar:6    | Reached skill level 26 in Stealth
112396 | Tar:7    | Entered Level 7 of Tartarus
112601 | Tar:7    | Gained mutation: Your body sometimes deteriorates upon taking damage. [a neqoxec]
112604 | Tar:7    | Gained mutation: Scrolls take you a little longer to read. [a neqoxec]
113468 | Tar:7    | Gained mutation: You expend magic power (3 MP) to strengthen your wands. [mutagenic glow]
113534 | Tar:7    | Gained mutation: You are very frail. (-20% HP) [mutagenic glow]
114016 | Tar:7    | Gained mutation: Scrolls take you longer to read. [mutagenic glow]
114040 | Tar:7    | Gained mutation: You are partially covered in large bone plates. (SH +4) [mutagenic glow]
114673 | Tar:7    | Identified the cursed +0 ring mail of Lilacs {rPois MR+}
114680 | Tar:7    | Identified the Grimoire of the Birds and the Snowflakes
115300 | Tar:7    | Noticed Ereshkigal
115319 | Tar:7    | Learned a level 8 spell: Borgnjor's Revivification
115521 | Zot:1    | Entered Level 1 of the Realm of Zot
115729 | Zot:1    | Identified the +7 hand crossbow "Asar Nei" {elec, *Slow rPois rC++ Int+3}
116512 | Zot:2    | Identified the +2 ring mail of Perfidy {+Inv rC+}
116633 | Zot:2    | Found a transporter.
116635 | Zot:2    | Identified the ring "Ycroqi" {*Corrode +Inv rPois EV+4 Int-5 Stlth+}
116635 | Zot:2    | Identified the ring of Fobiwil {*Corrode +Inv rN+ MP+9 Int+3}
116700 | Zot:2    | Found a transporter.
116743 | Zot:2    | HP: 4/131 [quicksilver dragon (6)]
116744 | Zot:2    | HP: 1/131 [quicksilver dragon (4)]
116744 | Zot:2    | Slain by an eldritch tentacle

Vault maps used:
D:1:      wheals_arrival_linesprint, grunt_decor_resistance
D:2:      zin_treasury, kiku_gazebo_pond_becter, hangedman_decor_lopped,
          kennysheep_generic_room_4
D:3:      nicolae_ru_path_of_blood, serial_bayou_pond_a
D:4:      first_bread, serial_shops, shop
D:5:      nicolae_overflow_hidden_temple, elyvilon_altar_4
D:6:      serial_shops, kennysheep_little_box, shop, shop
D:7:      minmay_temple_entry_large_hall
D:8:      serial_bayou_crossing
D:9:      old_standard_altar
D:10:     orc_david_3, hangedman_stone_soup, trog_ov_bears_minmay
D:11:     erik_lair_island, uniq_nergalle
D:12:     kennysheep_spiral_hall, serial_shops, kennysheep_mini_moat
D:13:     grunt_vaults_entry_fortified, kennysheep_generic_room_5, uniq_maurice
D:14:     grunt_decor_one_mirror
D:15:     gammafunk_depths_entry_grave, nicolae_gozag_seed_capital,
          small_chamber_with_monster
Temple:   nicolae_temple_elliptical
Lair:1:   beast_lair_carwin_5
Lair:2:   spider_nest_entry_webs, lab_entry_generic, infiniplex_staircase_pool,
          lemuel_fruit_fields, uniq_gastronok
Lair:3:   regret_index_wax_grids, minmay_swamp_entry_wisps, st_stairs_11
Lair:4:   statuecave_lemuel
Lair:5:   cheibrodos_lair_caveside_slide, lemuel_fruit_fields,
          grunt_megastairs_1, uniq_kirke
Lair:6:   evilmike_catoblepas_cave, slime_altar_2, infiniplex_staircase_pool_2,
          lemuel_fruit_tree
Swamp:1:  hangedman_swamp_lotus, swamp_pool3
Swamp:2:  evilmike_swamp_ruin_house_5, uniq_nikola, uniq_jorgrun
Swamp:3:  evilmike_swamp_ruin_house_6
Swamp:4:  swamp_basic_johnstein
Spider:1: cheibrodos_spider_deadly_dance, spiders_nest_hornet_nest
Spider:2: nicolae_spider_webs_and_nodes
Spider:4: floodkiller_spider_rune_tomb
Slime:1:  nicolae_slime_phagocytosis
Orc:1:    cheibrodos_orc_arena, uniq_fannar
Orc:2:    st_orc_open
Elf:1:    portal_desolation_entry_twin_temple, serial_shops,
          nicolae_shop_crystal, nicolae_shop_behind_doors, shop_statue,
          minmay_elf_necromancy
Elf:3:    minmay_elf_hall_spiked, serial_shops, shop
Vaults:1: vaults_room_pool, nicolae_vaults_circle_grid_b,
          hangedman_vaults_slice, v_misc_18, vaults_room_door_ring,
          nicolae_vaults_sealed_display, v_misc_31,
          nicolae_vaults_little_squares_1, nicolae_vaults_little_squares_3,
          nicolae_vaults_little_squares_5, v_misc_3, nicolae_vaults_network_s,
          vaults_room_grid, v_misc_23, vaults_dpeg_cross,
          nicolae_vaults_branching_niches, vaults_room_door_ring, uniq_aizul
Vaults:2: ontoclasm_vaults_twist, st_more_cells, nicolae_vaults_circle_grid_b,
          ontoclasm_vaults_fault, v_misc_27, minmay_crypt_entry_necro_gods,
          v_rooms_5, nicolae_vaults_specimen_jars, vaults_mumra_lcd,
          enter_trove_0
Vaults:3: v_rooms_5, vaults_dpeg_encased_lava, grunt_vaults_swirl,
          vaults_room_grid, ontoclasm_vaults_hangar, vaults_dpeg_spiral,
          nicolae_vaults_quadrants, hangedman_vaults_nails,
          nicolae_vaults_disjoint_gnomons, vaults_room_door_ring,
          hangedman_vaults_slither, vaults_room_hallway, v_misc_27,
          uniq_margery, uniq_saint_roka
Vaults:4: grunt_vaults_twisty, ontoclasm_vaults_bender, v_pattern_1,
          vaults_standard_mumra_x, v_rooms_3, hangedman_vaults_impose,
          nicolae_vaults_little_squares_4, vaults_room_pool,
          hangedman_vaults_slice, hangedman_vaults_maws, vaults_room_grid
Vaults:5: uniq_mennas
Crypt:1:  grunt_crypt_arrival_split, roderic_lattice_octagonal_star,
          uniq_sojobo, uniq_frederick
Crypt:2:  nrook_guardian_serpent_ordinary, uniq_donald
Crypt:3:  evilmike_haunted_forest
Depths:1: hangedman_abyss_or_decor_clamps, hell_entry, columned_hall_lemuel,
          hangedman_blasphemy
Depths:2: wad_lake_hut, enter_ziggurat_e, lightli_too_deep,
          lightli_enter_wizlab_magi_temple, nemelex_xobeh_ov_fountains_minmay,
          serial_sigils, serial_sigils_hangedman_snap,
          serial_sigils_hangedman_quiver, serial_sigils_hangedman_confine,
          serial_sigils_hangedman_gut, serial_bayou_pond_d
Depths:3: minmay_curly_fans, kennysheep_nub, grunt_pan_entry_in_and_out,
          hell_entry, uniq_enchantress
Depths:4: cheibrodos_cascadia, rand_demon_pan_entry_4, bh_walls_and_bars,
          abyss_entry, hangedman_geh_valley, nicolae_transmutations_shop,
          infiniplex_staircase_trident, serial_bayou_shore_a
Depths:5: evilmike_zot_entry_basic, marbit_kobold_abyss_entry,
          grunt_decor_arrowhead, hell_entry, minmay_misc_feat_chi
Dis:3:    grunt_megastairs_2
Dis:4:    grunt_megastairs_3, lemuel_elevator
Dis:7:    iron_city_of_dis
Geh:1:    nicolae_geh_single_fiery_grave
Geh:7:    geh_hangedman
Tar:1:    nicolae_tar_cuneiform_sun, nicolae_tar_cuneiform_heaven,
          nicolae_tar_cuneiform_two
Tar:5:    nicolae_tar_cuneiform_three, lemuel_nasty_fountain
Tar:6:    door_vault, lemuel_elevator
Tar:7:    tar_minmay_river
Zot:2:    gammafunk_its_a_trap
Abyss:3:  evilmike_abyss_exit_8, hangedman_stitches_earthworm
Trove:    trove_weapon_1
WizLab:   wizlab_golubria

Skill      XL: |  1  2  3  4  5  6  7  8  9 10 11 12 13 14 15 16 17 18 19 20 21 22 23 24 25 26 27 |
---------------+----------------------------------------------------------------------------------+-----
Stealth        | 1 2 3 4 5 6 8 9 10 11 12 13 14 15 16 17 18 19 26 | 26.7
Transmutations | 3 4 5 6 7 8 9 10 12 13 14 15 16 19 | 19.4
Spellcasting   | 3 4 5 6 7 9 10 11 12 13 14 15 16 17 23 | 23.1
Poison Magic   | 1 |  1.2
Fighting       | 1 2 3 4 5 6 8 9 10 11 12 13 14 15 16 17 18 23 | 23.0
Dodging        | 2 3 5 6 7 8 9 10 11 12 13 14 15 21 | 21.8
Armour         | 1 2 12 | 12.2
Short Blades   | 1 2 3 4 5 6 7 8 9 10 11 12 13 14 20 | 20.0
Unarmed Combat | 4 5 6 7 |  7.6
Conjurations   | 1 3 4 6 7 8 |  8.8
Necromancy     | 3 5 6 8 9 10 12 13 14 15 16 20 | 20.0
Shields        | 3 5 6 |  6.4
Earth Magic    | 4 5 |  5.6
Translocations | 2 17 | 17.6
Charms         | 17 | 17.4
Air Magic      | 17 | 17.3

Action                   |  1- 3 |  4- 6 |  7- 9 | 10-12 | 13-15 | 16-18 | 19-21 | 22-24 | 25-27 || total
-------------------------+-------+-------+-------+-------+-------+-------+-------+-------+-------++-------
Melee: Unarmed           |    61 |   197 |   118 |    83 |    27 |       |       |       |       ||   486
       Bite              |    10 |    33 |    33 |   205 |   674 |   622 |   966 |   973 | 10176 || 13692
       Kick              |     8 |     1 |       |       |       |       |       |       |   930 ||   939
       Headbutt          |     2 |     1 |       |       |       |       |       |       |       ||     3
       Punch             |       |     1 |       |    20 |    93 |    46 |       |       |       ||   160
       Rapier            |       |       |   126 |   592 |  1367 |  1176 |  1765 |  1587 | 14804 || 21417
Throw: Stone             |     7 |       |       |    27 |    20 |    35 |    27 |    21 |    64 ||   201
 Cast: Beastly Appendage |    18 |     4 |       |       |       |       |       |       |       ||    22
       Spider Form       |     3 |    20 |    15 |    12 |     2 |       |       |       |       ||    52
       Mephitic Cloud    |       |       |       |     5 |    69 |     1 |       |       |       ||    75
       Passwall          |       |       |       |       |     5 |       |     6 |    38 |    42 ||    91
       Irradiate         |       |       |       |       |       |    25 |     8 |    18 |   125 ||   176
       Statue Form       |       |       |       |       |       |     9 |    36 |    62 |    78 ||   185
       Iron Shot         |       |       |       |       |       |       |    49 |    30 |   111 ||   190
       Vampiric Draining |       |       |       |       |       |       |     9 |    11 |     6 ||    26
       Regeneration      |       |       |       |       |       |       |       |    17 |    86 ||   103
       Necromutation     |       |       |       |       |       |       |       |       |   446 ||   446
       Apportation       |       |       |       |       |       |       |       |       |     2 ||     2
       Dispel Undead     |       |       |       |       |       |       |       |       |   117 ||   117
       Controlled Blink  |       |       |       |       |       |       |       |       |    40 ||    40
       Deflect Missiles  |       |       |       |       |       |       |       |       |    13 ||    13
Invok: Curse Item        |       |       |       |     3 |     3 |     2 |     1 |     2 |     7 ||    18
 Abil: End Transformatio |       |       |       |     1 |       |       |       |     2 |    14 ||    17
Evoke: Wand              |       |       |       |       |     1 |       |     1 |       |     1 ||     3
  Use: Scroll            |       |     4 |    10 |    12 |     6 |    18 |    35 |    23 |    39 ||   147
       Potion            |       |     1 |       |     5 |     4 |     8 |     1 |    11 |    36 ||    66
 Stab: Sleeping          |     4 |     4 |     5 |    21 |    19 |    49 |    56 |    13 |   259 ||   430
       Distracted        |       |       |       |     1 |     4 |     7 |     8 |     8 |    60 ||    88
       Confused          |       |       |       |       |    23 |       |       |       |       ||    23
       Petrified         |       |       |       |       |     2 |       |       |       |       ||     2
  Eat: Chunk             |     4 |    11 |     5 |    16 |    13 |    12 |     3 |    60 |     1 ||   125
       Fruit             |       |       |     4 |     4 |    17 |       |     2 |     4 |     5 ||    36
       Royal jelly       |       |       |     3 |     5 |     5 |     1 |     7 |     1 |     1 ||    23
       Meat ration       |       |       |       |     1 |       |     2 |     7 |     5 |    10 ||    25
       Bread ration      |       |       |       |       |       |     2 |     4 |     5 |    15 ||    26
Armor: Leather armour    |     9 |    16 |    22 |    93 |       |       |       |       |       ||   140
       Skin              |     2 |     4 |     1 |       |     1 |    14 |   371 |   454 |   741 ||  1588
       Scale mail        |       |     2 |       |       |       |       |       |       |       ||     2
       Troll leather arm |       |       |       |    41 |   247 |   112 |    90 |    28 |   563 ||  1081
       Pearl dragon scal |       |       |       |       |       |       |       |       |  1187 ||  1187
Dodge: Dodged            |    31 |   113 |   160 |   531 |   912 |   582 |  2064 |  1566 | 11181 || 17140
       Deflected         |       |       |       |       |       |       |       |       |    94 ||    94
Block: Buckler           |       |       |       |       |       |   123 |  1079 |  1214 |  9914 || 12330
       Reflection        |       |       |       |       |       |       |       |    52 |    75 ||   127
